 Dungeon Crawl Stone Soup version 0.32-a0-520-g344ed53f66 (webtiles) character file.

Game seed: 3460159089652892649

1045 BubbleThief the Carver (level 8, -5/64 HPs)
             Began as a Coglin Gladiator on Feb 28, 2024.
             Slain by Prince Ribbit (11 damage)
             ... on level 6 of the Dungeon.
             The game lasted 00:06:07 (4169 turns).

BubbleThief the Carver (Coglin Gladiator)           Turns: 4169, Time: 00:06:08

Health: -5/64      AC:  9    Str: 14    XL:     8   Next: 25%
Magic:  8/8        EV: 11    Int:  8    God:
Gold:   126        SH:  0    Dex: 18    Spells: 7/7 levels left

rFire   . . .        q - +0 scimitar {Xiuying}
rCold   . . .        a - +0 long sword {Somchit}
rNeg    + . .        m - +0 ring mail {rN+}
rPois   .            c - +0 helmet
rElec   .            B - +1 cloak
rCorr   .            (no gloves)
SInv    .            j - +0 pair of boots
Will    .....        (no amulet)
Stlth   +            (ring unavailable)
HPRegen 0.30/turn    (ring unavailable)
MPRegen 0.11/turn

%: no passive effects
@: revved
A: off-hand wielding, slow wielding, warmup strikes, no rings
a: no special abilities


You were on level 6 of the Dungeon.
You visited 1 branch of the dungeon, and saw 6 of its levels.

You collected 371 gold pieces.
You spent 245 gold pieces at shops.

Inventory:

Hand Weapons
 a - a +0 long sword (offhand) {Somchit}
 q - a +0 scimitar (weapon) {Xiuying}
Missiles
 d - 2 throwing nets (quivered)
 e - a javelin
Armour
 c - a +0 helmet (worn)
 j - a +0 pair of boots (worn)
 m - a +0 ring mail of positive energy (worn)
 B - a +1 cloak (worn)
Jewellery
 z - an amulet of faith
Wands
 r - a wand of warping (15)
 w - a wand of paralysis (7)
Scrolls
 f - a scroll of acquirement {unknown}
 k - a scroll of enchant armour {unknown}
 l - 2 scrolls of identify {unknown}
 o - a scroll of revelation {unknown}
 p - a scroll of noise {unknown}
 t - 2 scrolls of fear {unknown}
 v - 3 scrolls of blinking {unknown}
 y - a scroll of enchant weapon {unknown}
Potions
 b - a potion of heal wounds {unknown}
 g - 4 potions of curing {unknown}
 h - 2 potions of attraction {unknown}
 i - a potion of lignification {unknown}
 n - a potion of resistance {unknown}
 s - a potion of ambrosia {unknown}
 u - a potion of brilliance {unknown}
 x - a potion of magic {unknown}
 A - a potion of mutation {unknown}


   Skills:
 + Level 5.7 Fighting
 * Level 8.2 Long Blades
 - Level 1.7 Throwing
 - Level 2.6 Dodging


You had 7 spell levels left.
You didn't know any spells.
Your spell library contained the following spells:

 Spells                   Type           Power      Damage    Failure   Level
 Magic Dart               Conj           0%         1d3       65%         1
 Searing Ray              Conj           0%         2d4       80%         2
 Fulminant Prism          Conj/Alch      0%         3d5       100%        4


Dungeon Overview and Level Annotations

Branches:
Dungeon (6/15)
 Temple: D:4-7

Altars:
Cheibriados
Makhleb
The Shining One

Shops:
D:3 *   D:5 [

Annotations:
D:6 Pikel, Prince Ribbit


Innate Abilities, Weirdness & Mutations

You can wield a second weapon in your off-hand.
It takes a long time for you to wield or remove held weapons.
Your first few attacks do less damage.
Your grasper-arms cannot wear rings.


Message History

You completely miss Prince Ribbit with your +0 scimitar.
Prince Ribbit misses you.
Unknown command.
You miss Prince Ribbit with your +0 scimitar.
Prince Ribbit is moderately wounded.
You closely miss Prince Ribbit with your +0 long sword.
Prince Ribbit hits you!
Unknown command.
You closely miss Prince Ribbit with your +0 scimitar.
Prince Ribbit is moderately wounded.
You miss Prince Ribbit with your +0 long sword.
Prince Ribbit hits you but does no damage.
Prince Ribbit hits you!
Unknown command.
You are too injured to fight recklessly!
Unknown command.
You are too injured to fight recklessly!
Unknown command.
You are too injured to fight recklessly!
Unknown command.
You miss Prince Ribbit with your +0 scimitar.
Prince Ribbit is moderately wounded.
You miss Prince Ribbit with your +0 long sword.
Prince Ribbit hits you!
* * * LOW HITPOINT WARNING * * *
Unknown command.
Unknown command.
You hit Prince Ribbit but do no damage.
Prince Ribbit is moderately wounded.
You closely miss Prince Ribbit with your +0 scimitar.
Prince Ribbit hits you.
* * * LOW HITPOINT WARNING * * *
Unknown command.
Throw: 3 throwing nets
Press: ? - help, Q - select action, (/) - cycle Shift-Dir - straight line, f - Prince Ribbit
Aim: Prince Ribbit (moderately wounded, 39% to hit)
You throw a throwing net.
The throwing net closely misses Prince Ribbit.
Prince Ribbit hits you!
You die...

##....# #.....#
......# #.....#
#.....#
...#.###.
##........
#<@F....(#
#...........##.#
.....##......#
#.#. ###..### #
###


You could see Prince Ribbit.

Vanquished Creatures
  An ice beast (D:5)
  An ogre (D:5)
  3 phantoms
  2 scorpions (D:5)
  2 jellies (D:5)
  2 orc priests (D:4)
  A hound (D:4)
  2 iguanas (D:5)
  An orc wizard (D:5)
  Natasha (thrice) (D:3)
  7 gnolls
  4 adders
  A white imp (D:3)
  An ufetubus (D:5)
  2 ribbon worms
  4 dart slugs
  7 orcs
  6 endoplasms
  3 giant cockroaches
  11 goblins
  9 hobgoblins
  9 jackals
  2 quokkas
  7 ball pythons
  6 bats
  A frilled lizard (D:1)
  3 goblin skeletons (D:3)
  3 goblin zombies (D:3)
  2 hobgoblin zombies (D:3)
  6 kobolds
  A kobold skeleton (D:3)
  2 kobold zombies (D:3)
  An orc skeleton (D:3)
  2 rats
118 creatures vanquished.

Notes
Turn   | Place    | Note
-------+----------+-------------------------------------------
     0 | D:1      | BubbleThief the Coglin Gladiator began the quest for the
                  | Orb.
     0 | D:1      | Reached XP level 1. HP: 16/16 MP: 1/1
   222 | D:1      | Reached XP level 2. HP: 22/22 MP: 2/2
   357 | D:1      | Reached XP level 3. HP: 25/28 MP: 3/3
   945 | D:2      | Reached skill level 4 in Long Blades
  1036 | D:2      | Reached XP level 4. HP: 33/34 MP: 4/4
  1652 | D:3      | Noticed Natasha
  1673 | D:3      | Killed Natasha
  1674 | D:3      | Reached XP level 5. HP: 37/41 MP: 5/5
  1679 | D:3      | Reached skill level 5 in Long Blades
  1902 | D:3      | Found a glowing golden altar of the Shining One.
  1902 | D:3      | Noticed Natasha
  1909 | D:3      | Killed Natasha
  1956 | D:3      | Found Qytsoacs's Assorted Antiques.
  1978 | D:3      | Bought a scimitar for 80 gold pieces
  2016 | D:3      | Found a burning altar of Makhleb.
  2063 | D:3      | Noticed Natasha
  2075 | D:3      | Killed Natasha
  2076 | D:3      | Reached XP level 6. HP: 33/48 MP: 6/6
  2191 | D:3      | Found a faded altar of an unknown god.
  2309 | D:4      | Reached skill level 6 in Long Blades
  2528 | D:4      | Reached XP level 7. HP: 22/55 MP: 7/7
  2826 | D:4      | Found the +5 woodcutter's axe
  3048 | D:5      | Entered Level 5 of the Dungeon
  3084 | D:5      | Found a snail-covered altar of Cheibriados.
  3179 | D:5      | Reached skill level 7 in Long Blades
  3299 | D:5      | Reached skill level 5 in Fighting
  3513 | D:5      | Found Pekhlismo's Antique Armour Emporium.
  3521 | D:5      | Bought a runed cloak for 165 gold pieces
  3596 | D:5      | Reached XP level 8. HP: 54/63 MP: 8/8
  3700 | D:5      | Reached skill level 8 in Long Blades
  4096 | D:6      | Noticed Pikel
  4161 | D:6      | Noticed Prince Ribbit
  4169 | D:6      | Slain by Prince Ribbit

Illustrated notes

Levels and vault maps discovered:
D:1:      ebering_trefoil_3fold, layout_loops_corners
D:2:      layout_loops_ring, minmay_tree_intersection,
          dreamdust_mushroom_princess, hangedman_decor_push
D:3:      minmay_evil_eye, layout_rooms, overflow_temple_1_default,
          nicolae_tso_besieged_by_evil, ebering_ecumenical_altar_rust,
          serial_shops, shop, serial_glass, glass_columns_a, glass_columns_a,
          uniq_natasha
D:4:      layout_rooms, corner_web_ring
D:5:      nicolae_cairo_tiling_very_big, layout_gridville,
          amcnicky_altar_gilded, serial_shops, shop
D:6:      layout_cave_pools, nemelex_diamond_rough_becter,
          minmay_temple_entry_gardened_gates, serial_glass, glass_columns_c,
          glass_columns_a, centaur_isle, uniq_pikel, uniq_prince_ribbit1,
          uniq_duvessa, uniq_blork_the_orc

Skill      XL: |  1  2  3  4  5  6  7  8 |
---------------+-------------------------+-----
Long Blades    | 4 5 6 7 8 |  8.2
Fighting       | 3 4 5 |  5.7
Throwing       | |  1.7
Dodging        | |  2.6

Action                     |  1- 3 |  4- 6 |  7- 9 || total
---------------------------+-------+-------+-------++-------
  Melee: Long sword        |    55 |   122 |    59 ||   236
         Dagger            |    51 |    79 |       ||   130
         Scimitar          |       |    45 |    64 ||   109
  Throw: Throwing net      |       |       |     1 ||     1
 Armour: Leather armour    |    26 |       |       ||    26
         Ring mail         |     4 |    81 |    50 ||   135
  Dodge: Dodged            |    32 |    74 |    31 ||   137
         Repelled          |     1 |     1 |       ||     2

Table legend: (Time is in decaauts)
 A = Elapsed time spent in this place.
 B = Non-inter-level travel time spent in this place.
 C = Inter-level travel time spent in this place.
 D = Time resting spent in this place.
 E = Time spent auto-exploring this place.
 F = Levels seen in this place.
 G = Mean time per level.
                   A        B        C        D        E       F      G
               +--------+--------+--------+--------+--------+-----+--------+
         Total |   4191 |   4048 |    143 |      7 |   3344 |   6 |  698.5 |
       Dungeon |   4191 |   4048 |    143 |      7 |   3344 |   6 |  698.5 |
               +--------+--------+--------+--------+--------+-----+--------+

Top non-repeatable levels by time:
     D:5: 1108 daAuts
     D:1: 944 daAuts
     D:4: 742 daAuts
     D:2: 709 daAuts
     D:3: 673 daAuts
     D:6: 13 daAuts
